 Dungeon Crawl Stone Soup version 0.29-a0-341-g24ffce5b50 (webtiles) character file.

Game seed: 9933834710927344417

310 spaghetti the Shooter (level 5, -4/41 HPs)
             Began as a Demigod Hunter on Apr 20, 2022.
             Slain by Dowan
             ... wielding a +0 dagger
              (6 damage)
             ... on level 4 of the Dungeon.
             The game lasted 00:03:38 (2607 turns).

spaghetti the Shooter (Demigod Hunter)              Turns: 2607, Time: 00:03:39

Health: -4/41      AC:  6    Str: 12    XL:     5   Next: 95%
Magic:  7/7        EV: 12    Int: 11    God:
Gold:   164        SH:  5    Dex: 21    Spells: 4/4 levels left

rFire   . . .      SeeInvis .   a - +1 shortbow {bow}
rCold   . . .      Faith    .   (shield currently unavailable)
rNeg    . . .      Spirit   .   b - +0 leather armour
rPois   .          Reflect  +   q - +2 hat
rElec   .          Harm     .   w - +0 cloak
rCorr   .          Rampage  .   (no gloves)
Will    .....                   (no boots)
Stlth   ++........              p - amulet of reflection
HPRegen 0.13/turn               (no ring)
MPRegen 0.10/turn               (no ring)

@: brilliant
A: high MP 1, forlorn, divine attributes
a: no special abilities


You were on level 4 of the Dungeon.
You visited 1 branch of the dungeon, and saw 6 of its levels.

You collected 164 gold pieces.


Innate Abilities, Weirdness & Mutations

You have an increased reservoir of magic. (+10% MP)
You shall have no god before yourself.
Your divine heritage dramatically boosts your attributes as you level up.


   Skills:
 - Level 1.7 Fighting
 + Level 6.8 Bows
 - Level 1.7 Dodging
 - Level 0.8 Stealth


You had 4 spell levels left.
You didn't know any spells.
Your spell library contained the following spells:

 Spells                   Type           Power      Damage    Failure   Level
 Animate Skeleton         Necr           0%         N/A       41%         1
 Apportation              Tloc           0%         N/A       41%         1
 Summon Small Mammal      Summ           0%         N/A       41%         1

Inventory:

Hand Weapons
 a - a +1 shortbow (weapon) {bow}
 u - a +2 short sword of freezing {short}
   (You took it off an orc on level 5 of the Dungeon)
 x - a +3 flail of holy wrath {mace}
   (You took it off Edmund on level 4 of the Dungeon)
Missiles
 d - 147 stones {throwing}
 f - 2 poisoned darts {throwing}
 o - 4 boomerangs {throwing}
Armour
 b - a +0 leather armour (worn)
 q - a +2 hat (worn)
   (You found it on level 3 of the Dungeon)
 w - a +0 cloak (worn)
   (You found it on level 5 of the Dungeon)
Jewellery
 p - an amulet of reflection (around neck)
   (You found it on level 3 of the Dungeon)
Scrolls
 c - 2 scrolls of immolation {!r!r}
 g - a scroll of acquirement {unknown}
 h - 2 scrolls of blinking {unknown}
 i - 3 scrolls of teleportation {unknown}
 j - 2 scrolls of fear {unknown}
 l - 3 scrolls of noise {unknown}
 m - 6 scrolls of identify {unknown}
 n - 3 scrolls of silence {unknown}
 s - a scroll of fog {unknown}
Potions
 e - a potion of curing {@q1}
 k - 3 potions of attraction {unknown}
 t - a potion of heal wounds {unknown}
 v - a potion of lignification {unknown}
 z - a potion of degeneration {unknown}

Dungeon Overview and Level Annotations

Branches:
Dungeon (6/15)
 Temple: D:4-7

Shops:
D:2 (

Annotations:
D:4 Dowan, Duvessa

#. ..#.# ##e........# #.. #.#.#
#.....<....#
#..######...#####...........#
#.......†.......#.#>.....h..#
##............# ..............#
#.....>..>....##.###........#..
#..#.#####....##..#...........
. ####..#e........!.....
##.[e@.#.##.........## #.....##
#.##..# ...##.## #.#####.# ..
#.# .. #.. . ##. .


You could see Duvessa and Dowan.


Message History

Press: ? - help, Q - select action, (/) - cycle Shift-Dir - straight line, f/p - Edmund
Aim: Edmund, wielding a +3 flail of holy wrath and wearing a +0 leather armour (moderately wounded, 66% to hit)
You shoot an arrow. The arrow hits Edmund!
Edmund hits you with a +3 flail of holy wrath!
Edmund hits you but does no damage. 😮 HP[-6]
You take 6 damage, and now have 23/41 hp.
Shoot: a) +1 shortbow {bow}
Press: ? - help, Q - select action, (/) - cycle Shift-Dir - straight line, f/p - Edmund
Aim: Edmund, wielding a +3 flail of holy wrath and wearing a +0 leather armour (heavily wounded, 66% to hit)
You shoot an arrow. The arrow barely misses Edmund.
You block Edmund's attack.
Shoot: a) +1 shortbow {bow}
Press: ? - help, Q - select action, (/) - cycle Shift-Dir - straight line, f/p - Edmund
Aim: Edmund, wielding a +3 flail of holy wrath and wearing a +0 leather armour (heavily wounded, 66% to hit)
You shoot an arrow. The arrow hits Edmund!
Edmund hits you but does no damage.
Shoot: a) +1 shortbow {bow}
Press: ? - help, Q - select action, (/) - cycle Shift-Dir - straight line, f/p - Edmund
Aim: Edmund, wielding a +3 flail of holy wrath and wearing a +0 leather armour (severely wounded, 66% to hit)
You shoot an arrow. The arrow hits Edmund!
Edmund hits you with a +3 flail of holy wrath.
* * * LOW HITPOINT WARNING * * *
😨 HP[-5]
You take 5 damage, and now have 18/41 hp.
Shoot: a) +1 shortbow {bow}
Press: ? - help, Q - select action, (/) - cycle Shift-Dir - straight line, f/p - Edmund
Aim: Edmund, wielding a +3 flail of holy wrath and wearing a +0 leather armour (almost dead, 66% to hit)
You shoot an arrow. The arrow hits Edmund.
You kill Edmund! 😨 HP[+1]
There is a stone staircase leading down here.
You climb downwards.
There is a stone staircase leading up here.
You start resting. 😎 HP[+22]
Your hp is fully restored (41).
You climb upwards.
Level annotation: Dowan, Duvessa
There is a stone staircase leading down here.
x - a +3 flail of holy wrath {mace};
z - a fuming white potion
Things that are here:
a +0 leather armour; the human corpse of Edmund Key pressed, stopping explore.
Key pressed, stopping explore.
Dowan shouts!
You hear a shout!
You shoot an arrow. The arrow hits Dowan.
You shoot an arrow.
The arrow hits Dowan but does no damage.
You shoot an arrow. The arrow hits Dowan!
You shoot an arrow. The arrow misses Dowan.
Dowan barely misses you.
You shoot an arrow. The arrow barely misses Dowan.
Duvessa hits you with a +0 rapier!
Dowan casts a spell.
Dowan blinks!
You are too injured to fight recklessly!
You are too injured to fight recklessly!
You are too injured to fight recklessly!
You are too injured to fight recklessly! 😕 HP[-10]
You take 10 damage, and now have 31/41 hp.
MASSIVE DAMAGE!! (PAUSE) Shoot: a) +1 shortbow {bow}
Press: ? - help, Q - select action, (/) - cycle Shift-Dir - straight line, f - Duvessa, p - Dowan
Aim: Duvessa, wielding a +0 rapier and wearing a +0 leather armour (69% to hit)
You shoot an arrow. The arrow hits Duvessa.
Duvessa hits you with a +0 rapier!
* * * LOW HITPOINT WARNING * * *
😨 HP[-11]
You take 11 damage, and now have 20/41 hp.
MASSIVE DAMAGE!! (PAUSE) Shoot: a) +1 shortbow {bow}
Press: ? - help, Q - select action, (/) - cycle Shift-Dir - straight line, f - Dowan, p - Duvessa
Aim: Dowan, wielding a +0 dagger and wearing a +0 robe (heavily wounded, 57% to hit)
You shoot an arrow.
The arrow hits Dowan but does no damage.
Duvessa gestures with her weapon.
Duvessa misses you.
Shoot: a) +1 shortbow {bow}
Press: ? - help, Q - select action, (/) - cycle Shift-Dir - straight line, f - Duvessa, p - Dowan
Aim: Duvessa, wielding a +0 rapier and wearing a +0 leather armour (lightly wounded, 69% to hit)
You shoot an arrow.
The arrow hits Duvessa but does no damage.
Duvessa hits you with a +0 rapier!
* * * LOW HITPOINT WARNING * * *
Dowan barely misses you. 😨 HP[-7]
You take 7 damage, and now have 13/41 hp.
It was a potion of brilliance.
You feel clever all of a sudden. Duvessa hits you with a +0 rapier!
* * * LOW HITPOINT WARNING * * *
Dowan hits you but does no damage. 😱 HP[-11]
You take 11 damage, and now have 2/41 hp.
MASSIVE DAMAGE!! (PAUSE) It was a potion of curing.
You feel better. Duvessa hits you with a +0 rapier!
* * * LOW HITPOINT WARNING * * *
Dowan hits you with a +0 dagger.
You die...

Skill      XL: |  1  2  3  4 |
---------------+-------------+-----
Bows           | 4 5 6 |  6.8
Fighting       | |  1.7
Dodging        | |  1.7
Stealth        | |  0.8

Action                   |  1- 3 |  4- 6 || total
-------------------------+-------+-------++-------
 Fire: Shortbow          |   123 |    71 ||   194
  Use: Potion            |       |     2 ||     2
Armor: Leather armour    |     7 |     8 ||    15
Dodge: Dodged            |    15 |    13 ||    28
Block: Other             |     1 |     7 ||     8
       Reflection        |       |     2 ||     2

Levels and vault maps discovered:
D:1:      dpeg_arrival_arbitrary_a, layout_basic
D:2:      layout_rooms, serial_shops, shop, dreamdust_ecumenical_altar_grove,
          kennysheep_doodads
D:3:      layout_basic, nicolae_overflow_hidden_temple, okawaru_trees_1,
          mainiacjoe_overflow_tiny_flanked, mainiacjoe_overflow_catwalk_spiral,
          ebering_dispersal_statue_hall, kennysheep_boxes
D:4:      layout_rooms, kennysheep_mini, minmay_temple_entry_nine_rooms,
          uniq_duvessa, uniq_edmund
D:5:      layout_gridville, lemuel_doored_altar, serial_shops,
          nicolae_shop_crystal, wad_floor_pattern_untrapped,
          nrook_pool_corridor, dk_vineyard_1, lightli_minifort
D:6:      layout_rooms, st_stairs_4, minmay_statues_item

Notes
Turn   | Place    | Note
-------+----------+-------------------------------------------
     0 | D:1      | spaghetti the Demigod Hunter began the quest for the Orb.
     0 | D:1      | Reached XP level 1. HP: 17/17 MP: 3/3
     0 | D:1      | magus.rc [v1.9.6]
   138 | D:1      | Reached skill level 4 in Bows
   243 | D:1      | Reached XP level 2. HP: 24/24 MP: 4/4
   904 | D:2      | Found Depualas's Antique Weapon Boutique.
   914 | D:2      | Reached XP level 3. HP: 29/29 MP: 5/5
  1117 | D:2      | Reached skill level 5 in Bows
  1143 | D:2      | You pick up a book of Cantrips and begin reading...
  1143 | D:2      | You add the spells Animate Skeleton, Summon Small Mammal
                  | and Apportation to your library.
  1659 | D:3      | Reached XP level 4. HP: 36/36 MP: 6/6
  1996 | D:4      | Noticed Duvessa
  1996 | D:4      | Noticed Dowan
  1996 | D:4      | You fall into a shaft and drop 1 floor!
  1996 | D:5      | Entered Level 5 of the Dungeon
  2321 | D:5      | Reached skill level 6 in Bows
  2321 | D:5      | Reached XP level 5. HP: 41/41 MP: 7/7
  2400 | D:4      | Noticed Edmund
  2412 | D:4      | Killed Edmund
  2606 | D:4      | HP: 2/41 [Duvessa/+0 rapier (11)]
  2607 | D:4      | Slain by Dowan

Vanquished Creatures
  Edmund (D:4)
  A hound (D:5)
  2 jellies (D:5)
  An adder (D:2)
  A white imp (D:5)
  2 worms
  2 dart slugs (D:1)
  3 orcs
  2 ball pythons
  6 bats
  11 endoplasms
  3 giant cockroaches
  5 goblins
  4 hobgoblins
  7 jackals
  5 quokkas
  5 frilled lizards
  5 kobolds
  4 rats
70 creatures vanquished.

Vanquished Creatures (others)
  A fungus (D:2)
  2 plants (D:2)
3 creatures vanquished.

Grand Total: 73 creatures vanquished

Table legend:
 A = Non-vault XP
 B = Vault XP
 C = Vault XP percentage of total XP
 D = Non-vault monster count
 E = Vault monster count
 F = Vault count percentage of total count
                 A         B        C        D         E       F
            +---------+---------+-------+---------+---------+-------
      Total |     279 |     164 |  37.0 |      69 |       1 |   1.4
            +---------+---------+-------+---------+---------+-------
        D:1 |      43 |       0 |   0.0 |      22 |       0 |   0.0
        D:2 |      45 |       0 |   0.0 |      20 |       0 |   0.0
        D:3 |      39 |       0 |   0.0 |      19 |       0 |   0.0
        D:4 |       5 |     164 |  97.0 |       1 |       1 |  50.0
        D:5 |     147 |       0 |   0.0 |       7 |       0 |   0.0
            +---------+---------+-------+---------+---------+-------

Illustrated notes

Table legend:
 A = Kills in this place as a percentage of kills in entire the game.
 B = Kills by you in this place as a percentage of kills by you in the entire game.
 C = Kills by friends in this place as a percentage of kills by friends in the entire game.
 D = Other kills in this place as a percentage of other kills in the entire game.
 E = Experience gained in this place as a percentage of experience gained in the entire game.
 F = Experience gained in this place divided by the number of levels of this place that you have seen.
                   A       B       C       D       E      F
               +-------+-------+-------+-------+-------+----------------------
         Total | 100.0 | 100.0 |   N/A |   N/A | 100.0 |  73.8
       Dungeon | 100.0 | 100.0 |   N/A |   N/A | 100.0 |  73.8
               +-------+-------+-------+-------+-------+----------------------

Table legend: (Time is in decaauts)
 A = Elapsed time spent in this place.
 B = Non-inter-level travel time spent in this place.
 C = Inter-level travel time spent in this place.
 D = Time resting spent in this place.
 E = Time spent auto-exploring this place.
 F = Levels seen in this place.
 G = Mean time per level.
                   A        B        C        D        E       F      G
               +--------+--------+--------+--------+--------+-----+--------+
         Total |   2663 |   2602 |     61 |    276 |   1901 |   6 |  443.8 |
       Dungeon |   2663 |   2602 |     61 |    276 |   1901 |   6 |  443.8 |
               +--------+--------+--------+--------+--------+-----+--------+

Top non-repeatable levels by time:
     D:1: 923 daAuts
     D:3: 689 daAuts
     D:5: 457 daAuts
     D:2: 424 daAuts
     D:6: 111 daAuts
     D:4: 57 daAuts
